[Event "Titled Tuesday Blitz May 30 Late 2023"]
[White "laziestwin"]
[Black "Tymrakiewicz, Rafal"]
[BlackFideId "1108832"]
[WhiteElo "2665"]
[BlackElo "2151"]
[Result "0-1"]
[Round "01"]
[TimeControl "180+2"]
[Date "2023.05.31"]
[WhiteClock "0:00:14"]
[BlackClock "0:00:13"]

1. d4 Nf6 2. c4 g6 3. g3 Bg7 4. Bg2 O-O 5. Nc3 d6 6. Nf3 Nc6 7. O-O e5 8. dxe5 dxe5 9. Bg5 Be6 10. Nd2 h6 11. Bxf6 Bxf6 12. Nd5 Bg7 13. Rc1 f5 14. Nb3 e4 15. Nc5 Bc8 16. Qa4 Nd4 17. Rfe1 c6 18. Ne3 b6 19. Nb3 Nxb3 20. Qxb3 Be6 21. Red1 Qe7 22. Qc2 Rfd8 23. b3 Rd4 24. Rxd4 Bxd4 25. Nf1 Rd8 26. Rd1 Bc5 27. h4 Qf6 28. Qc1 Rxd1 29. Qxd1 Qd4 30. Qe1 a5 31. Ne3 Bb4 32. Qb1 Qd2 33. Bf1 Bc5 34. Ng2 g5 35. hxg5 hxg5 36. g4 Bd4 37. gxf5 Bxf5 38. e3 Be5 39. Qe1 Qxe1 40. Nxe1 Kg7 41. Nc2 Kf6 42. Nd4 Bd7 43. Bg2 Bxd4 44. exd4 Kf5 45. Kf1 Kf4 46. Ke2 c5 47. d5 Bg4+ 48. Kd2 Bf5 49. Ke2 Bg4+ 50. Ke1 Bd7 51. Bh1 g4 52. Kd2 Bf5 53. a3 Bd7 54. Ke2 a4 55. bxa4 Bxa4 56. Kd2 Bd7 57. Kc3 Bf5 58. Kd2 Bd7 59. Kc3 Be8 60. Kd2 Bg6 61. Ke2 Bf5 62. Bg2 Bd7 63. Bf1 Ba4 64. Ke1 Bb3 65. Be2 g3 66. fxg3+ Kxg3 67. Kd2 Kf2 68. d6 e3+ 69. Kc3 Ba4 70. Bg4 e2 71. Bxe2 Kxe2 72. Kb2 Kd3 73. d7 Bxd7 74. Kb3 Bc6 75. a4 Kd4 76. Ka3 Kxc4 77. Kb2 Kb4 78. Ka2 Bxa4 79. Kb2 c4 80. Ka2 c3 81. Kb1 Kc4 82. Kc1 b5 83. Kb1 b4 84. Kc1 Bb3 85. Kb1 Kd3 86. Kc1 Bf7 87. Kb1 Be6 88. Kc1 Bf7 89. Kb1 b3 90. Kc1 b2+ 91. Kb1 c2+ 92. Kxb2 Kd2 93. Ka1 c1=Q# 0-1


[Site "https://www.chess.com"]

[Event "Titled Tuesday Blitz May 30 Late 2023"]
[White "Talbi, Chafik"]
[Black "Popilski, Gil"]
[WhiteFideId "7903715"]
[BlackFideId "2809060"]
[WhiteElo "2186"]
[BlackElo "2537"]
[Result "1-0"]
[Round "01"]
[TimeControl "180+2"]
[Date "2023.05.31"]
[WhiteClock "0:00:41"]
[BlackClock "0:00:00"]

1. e4 c5 2. Nf3 d6 3. c3 Nf6 4. Bd3 e6 5. Bc2 Be7 6. d4 O-O 7. O-O b6 8. e5 Nd5 9. Qd3 g6 10. a3 cxd4 11. c4 Nc7 12. exd6 Qxd6 13. Qxd4 Qxd4 14. Nxd4 Bf6 15. Be3 Rd8 16. Rd1 Bb7 17. Nc3 Nc6 18. Be4 Na5 19. Bxb7 Nxb7 20. Ne4 Bg7 21. Nc6 Rxd1+ 22. Rxd1 Na6 23. b4 Nb8 24. Nd8 1-0


[Site "https://www.chess.com"]

[Event "Titled Tuesday Blitz May 30 Late 2023"]
[White "Rosen, Eric"]
[Black "Szente Varga, Fruzsina"]
[WhiteFideId "2032562"]
[BlackFideId "712264"]
[WhiteElo "2331"]
[BlackElo "1994"]
[Result "1-0"]
[Round "01"]
[TimeControl "180+2"]
[Date "2023.05.31"]
[WhiteClock "0:02:26"]
[BlackClock "0:00:54"]

1. d4 Nf6 2. Bf4 d5 3. e3 g6 4. Nc3 Bg7 5. h4 c6 6. Nf3 Bg4 7. Qd2 Nbd7 8. Ne5 Nxe5 9. Bxe5 Qa5 10. f3 Bd7 11. O-O-O O-O-O 12. Kb1 b6 13. Nxd5 Qxd2 14. Ba6# 1-0


[Site "https://www.chess.com"]

[Event "Titled Tuesday Blitz May 30 Late 2023"]
[White "K2JW"]
[Black "Melikyan, Gnel"]
[BlackFideId "54109990"]
[WhiteElo "2366"]
[BlackElo "2138"]
[Result "0-1"]
[Round "01"]
[TimeControl "180+2"]
[Date "2023.05.31"]
[WhiteClock "0:00:00"]
[BlackClock "0:01:26"]

1. d4 Nf6 2. c4 e6 3. Nf3 b6 4. g3 Ba6 5. b3 Bb4+ 6. Bd2 Be7 7. Bg2 Bb7 8. O-O O-O 9. Nc3 d5 10. cxd5 Nxd5 11. Nxd5 Bxd5 12. Qc2 Nd7 13. Bf4 Rc8 14. e4 Bb7 15. Rad1 h6 16. Ne5 Nxe5 17. Bxe5 Bd6 18. f4 Qe7 19. Qb2 Rfd8 20. d5 Bxe5 21. fxe5 exd5 22. exd5 Bxd5 23. Bxd5 Qc5+ 24. Qf2 Rxd5 25. Qxc5 Rxc5 26. Rd7 Rf8 27. Re7 Rc2 28. Rf2 Rxf2 29. Kxf2 Rc8 30. Ke3 Kf8 31. Rd7 Ke8 32. Rd5 Rd8 33. Rb5 a5 0-1


[Site "https://www.chess.com"]

[Event "Titled Tuesday Blitz May 30 Late 2023"]
[White "Kourkoulos-Arditis, Stamatis"]
[Black "Celestino, Rafael Teixeira"]
[WhiteFideId "4221990"]
[BlackFideId "2108925"]
[WhiteElo "2400"]
[BlackElo "2365"]
[Result "1-0"]
[Round "01"]
[TimeControl "180+2"]
[Date "2023.05.31"]
[WhiteClock "0:00:12"]
[BlackClock "0:00:06"]

1. e4 e5 2. Nc3 Nc6 3. g3 Bc5 4. Bg2 d6 5. Nge2 f5 6. d3 Nf6 7. O-O O-O 8. Na4 Bb4 9. a3 Ba5 10. b4 Bb6 11. Nxb6 axb6 12. Bd2 Be6 13. h3 Qd7 14. exf5 Bxf5 15. g4 Be6 16. f4 Bd5 17. Ng3 Bxg2 18. Kxg2 Nd4 19. c3 Ne6 20. f5 Qc6+ 21. Qf3 Nd8 22. c4 h6 23. b5 Qxf3+ 24. Kxf3 Nf7 25. h4 c6 26. g5 Nd7 27. Ne4 Nc5 28. Nxc5 bxc5 29. a4 Rfe8 30. Rfe1 e4+ 31. dxe4 Ne5+ 32. Kg3 Nxc4 33. Bc3 Nb6 34. a5 Nc4 35. bxc6 bxc6 36. a6 d5 37. exd5 Rxe1 38. Bxe1 cxd5 39. Kf4 Kf7 40. Bf2 d4 41. Ke4 Nd2+ 42. Kd5 Nb3 43. Ra3 Nd2 44. Bg3 Rd8+ 45. Kc6 Ne4 46. Bc7 Ra8 47. Kb7 Re8 48. a7 c4 49. Bb8 Nc5+ 50. Kc6 c3 51. a8=Q c2 52. Ra1 Nb3 53. Qa2 Kf8 54. Qxb3 Rc8+ 55. Kd7 Rxb8 56. Qxb8+ Kf7 57. Qe8# 1-0


[Site "https://www.chess.com"]

[Event "Titled Tuesday Blitz May 30 Late 2023"]
[White "Lalanne, Pablo"]
[Black "Annaberdiyev, Meylis"]
[WhiteFideId "112151"]
[BlackFideId "14000563"]
[WhiteElo "2120"]
[BlackElo "2416"]
[Result "0-1"]
[Round "01"]
[TimeControl "180+2"]
[Date "2023.05.31"]
[WhiteClock "0:00:00"]
[BlackClock "0:00:14"]

1. e4 c5 2. Nf3 Nc6 3. d4 cxd4 4. Nxd4 e5 5. Nb5 d6 6. N1c3 a6 7. Na3 Be7 8. Nc4 Nf6 9. Be3 b5 10. Nb6 Rb8 11. Nxc8 Qxc8 12. a3 O-O 13. Be2 Na5 14. O-O Nc4 15. Bxc4 Qxc4 16. Qd3 Rfc8 17. f3 h6 18. Rfd1 a5 19. Rd2 Qxd3 20. cxd3 b4 21. axb4 axb4 22. Ne2 d5 23. d4 exd4 24. Nxd4 dxe4 25. Nf5 Bf8 26. Ra6 exf3 27. Nxh6+ gxh6 28. Rxf6 Rc1+ 29. Kf2 fxg2 30. Kxg2 Bg7 31. Rf3 b3 32. Rd7 Rc2+ 33. Kh3 Rf8 34. Rg3 Kh7 35. Rd6 Re8 36. Rd7 Rf8 37. Rd6 Re2 38. Rxg7+ Kxg7 39. Bxh6+ Kg8 40. Bxf8 Kxf8 41. Rd8+ Kg7 42. Rb8 Rxb2 43. Kg3 Rb1 44. Kg2 f5 45. Rb6 b2 46. h4 f4 47. Rb3 f3+ 0-1


[Site "https://www.chess.com"]

[Event "Titled Tuesday Blitz May 30 Late 2023"]
[White "Goryachkina, Aleksandra"]
[Black "Gerbelli Neto, Eduardo"]
[WhiteFideId "4147103"]
[BlackFideId "2103281"]
[WhiteElo "2471"]
[BlackElo "2178"]
[Result "1-0"]
[Round "01"]
[TimeControl "180+2"]
[Date "2023.05.31"]
[WhiteClock "0:00:07"]
[BlackClock "0:00:14"]

1. e4 e5 2. Nf3 Nc6 3. Bc4 Nf6 4. d3 Bc5 5. c3 d6 6. h3 a5 7. Nbd2 O-O 8. Nf1 Be6 9. Bxe6 fxe6 10. Ng3 d5 11. O-O Qe8 12. d4 exd4 13. cxd4 Bb6 14. e5 Ne4 15. Be3 Rd8 16. Rc1 Nxg3 17. fxg3 Qg6 18. Kh2 h6 19. a3 Ne7 20. Qd2 Nf5 21. Bf2 h5 22. Rfd1 Rd7 23. Qe1 Rdf7 24. b4 axb4 25. axb4 c6 26. b5 Rc7 27. bxc6 Rxc6 28. Rb1 Rf7 29. Rb3 Bd8 30. Rdb1 b6 31. Ra1 Rc2 32. Ra8 Rf8 33. Rc3 Rxc3 34. Qxc3 Qf7 35. Qc6 Ne7 36. Qb5 Nf5 37. Be1 Qc7 38. Bb4 Rf7 39. Qa6 Kh7 40. Rc8 Qd7 41. Qa8 Be7 42. Bxe7 Qxe7 43. Re8 Qb7 44. Ng5+ Kg6 45. Nxf7 Kxf7 46. Qxb7+ 1-0


[Site "https://www.chess.com"]

[Event "Titled Tuesday Blitz May 30 Late 2023"]
[White "Krzywda, Andrzej"]
[Black "Arabidze, Meri"]
[WhiteFideId "1114565"]
[BlackFideId "13604040"]
[WhiteElo "2155"]
[BlackElo "2405"]
[Result "0-1"]
[Round "01"]
[TimeControl "180+2"]
[Date "2023.05.31"]
[WhiteClock "0:00:00"]
[BlackClock "0:01:04"]

1. e4 c5 2. Nf3 e6 3. d4 cxd4 4. Nxd4 Nc6 5. Bf4 d6 6. Nxc6 bxc6 7. c4 e5 8. Be3 Nf6 9. Nc3 Be7 10. Be2 O-O 11. O-O Be6 12. b3 d5 13. cxd5 cxd5 14. exd5 Nxd5 15. Nxd5 Bxd5 16. Qd2 a5 17. Rfd1 Be6 18. Qc3 Qb8 19. Bf3 Ra6 20. Bd5 Rc8 21. Qd3 Rd6 22. Qe4 Rcd8 23. Rdc1 Bxd5 24. Qg4 Be6 25. Qf3 h6 26. h3 Bf6 27. Rab1 Bd5 28. Qf5 Be6 29. Qf3 Qa8 30. Qg3 Kh8 31. h4 Qe4 32. Re1 Qxh4 33. Qf3 Qg4 34. Qb7 Bd5 0-1


[Site "https://www.chess.com"]

[Event "Titled Tuesday Blitz May 30 Late 2023"]
[White "Javakhadze, Zurab"]
[Black "Zenin, Dmitry"]
[WhiteFideId "13603647"]
[BlackFideId "4127897"]
[WhiteElo "2381"]
[BlackElo "2215"]
[Result "0-1"]
[Round "01"]
[TimeControl "180+2"]
[Date "2023.05.31"]
[WhiteClock "0:00:06"]
[BlackClock "0:00:41"]

1. c4 g6 2. d4 Bg7 3. Nc3 Nf6 4. Nf3 O-O 5. e4 d6 6. Be2 Na6 7. O-O e5 8. Be3 Ng4 9. Bg5 Qe8 10. Nd5 f6 11. Bc1 c6 12. Nc3 f5 13. dxe5 dxe5 14. b3 Qe7 15. a4 Rd8 16. Qc2 Nb4 17. Qb1 a5 18. Bg5 Bf6 19. Bxf6 Nxf6 20. Rd1 Be6 21. Ng5 Bd7 22. exf5 gxf5 23. Nf3 e4 24. Nd4 Qe5 25. Qc1 Be8 26. Qg5+ Bg6 27. f4 exf3 28. Bxf3 Rxd4 29. Re1 Qc5 30. Kh1 Kg7 31. Ne2 Nd3 32. Nxd4 Qxd4 33. Re7+ Kf8 34. Ree1 Nf2+ 35. Kg1 Nh3+ 36. Kh1 Qg1+ 37. Rxg1 Nf2# 0-1


[Site "https://www.chess.com"]

[Event "Titled Tuesday Blitz May 30 Late 2023"]
[White "Fernandez Siles, Luis"]
[Black "Ibadov, Dashgyn"]
[WhiteFideId "2209420"]
[BlackFideId "24107514"]
[WhiteElo "2195"]
[BlackElo "2208"]
[Result "0-1"]
[Round "01"]
[TimeControl "180+2"]
[Date "2023.05.31"]
[WhiteClock "0:01:54"]
[BlackClock "0:02:00"]

1. d4 Nf6 2. c4 c5 3. d5 d6 4. Nc3 g6 5. e4 Bg7 6. f4 O-O 7. Nf3 e6 8. dxe6 fxe6 9. Bd3 Nc6 10. O-O Nd4 11. Ng5 h6 12. Nf3 e5 13. fxe5 Ng4 14. exd6 Nxf3+ 15. gxf3 Bd4+ 16. Kg2 Nxh2 17. Kxh2 Qh4+ 18. Kg2 Qh3# 0-1


[Site "https://www.chess.com"]

[Event "Titled Tuesday Blitz May 30 Late 2023"]
[White "Vlassov, Nikolai"]
[Black "Kovacs, Klara"]
[WhiteFideId "4103360"]
[BlackFideId "733210"]
[WhiteElo "2324"]
[BlackElo "2179"]
[Result "1-0"]
[Round "01"]
[TimeControl "180+2"]
[Date "2023.05.31"]
[WhiteClock "0:00:15"]
[BlackClock "0:01:03"]

1. e4 e6 2. c4 d5 3. cxd5 exd5 4. Qb3 Nf6 5. e5 Ne4 6. d4 Be7 7. Bd3 O-O 8. Qc2 f5 9. Ne2 Nc6 10. a3 Be6 11. f3 Ng5 12. Be3 f4 13. Bf2 h6 14. h4 Nf7 15. Nxf4 Bc8 16. Bh7+ Kh8 17. Ng6+ Kxh7 18. Nxe7+ Kh8 19. Ng6+ Kg8 20. Nxf8 Qxf8 21. Nc3 Be6 22. Ne2 Re8 23. Nf4 Nfxe5 24. Nxe6 Nxf3+ 25. gxf3 Rxe6+ 26. Kf1 Qxf3 27. Rh2 Nxd4 28. Qd1 Ne2 29. Rg2 Ng3+ 30. Rxg3 Qh1+ 31. Bg1 Rf6+ 32. Ke2 Qe4+ 33. Be3 d4 34. Qxd4 Qc2+ 35. Qd2 Qc4+ 36. Qd3 Qxh4 37. Rag1 Qh5+ 38. Ke1 Qh4 39. Bf2 Re6+ 40. Re3 Qe7 41. Rxe6 Qxe6+ 42. Qe3 1-0


[Site "https://www.chess.com"]

[Event "Titled Tuesday Blitz May 30 Late 2023"]
[White "Torres Hernandez, Leslie Carolin"]
[Black "Castaneda, Jhon David"]
[WhiteFideId "8400504"]
[BlackFideId "4405048"]
[WhiteElo "1920"]
[BlackElo "2086"]
[Result "0-1"]
[Round "01"]
[TimeControl "180+2"]
[Date "2023.05.31"]
[WhiteClock "0:02:05"]
[BlackClock "0:02:36"]

1. e4 c5 2. Nf3 Nc6 3. Bb5 g6 4. c3 Nf6 5. e5 Nd5 6. O-O Bg7 7. d4 cxd4 8. cxd4 O-O 9. Nc3 Nc7 10. Bc4 d6 11. exd6 Qxd6 12. d5 Na5 13. Nb5 Nxb5 14. Bxb5 a6 15. Qa4 axb5 0-1


[Site "https://www.chess.com"]

[Event "Titled Tuesday Blitz May 30 Late 2023"]
[White "Zheng, Richard"]
[Black "Kujawski, Adam"]
[WhiteFideId "2624893"]
[BlackFideId "1100920"]
[WhiteElo "2636"]
[BlackElo "2054"]
[Result "1-0"]
[Round "01"]
[TimeControl "180+2"]
[Date "2023.05.31"]
[WhiteClock "0:00:06"]
[BlackClock "0:00:00"]

1. d4 Nf6 2. Bg5 c5 3. d5 Qb6 4. Nc3 Qxb2 5. Bd2 Qb6 6. e4 d6 7. f4 e5 8. f5 h5 9. Nf3 Be7 10. Rb1 Qd8 11. Bc4 Nbd7 12. a4 Nh7 13. O-O Ng5 14. Nb5 Nxf3+ 15. Qxf3 a6 16. Nc3 Bg5 17. Bxg5 Qxg5 18. Nd1 Nf6 19. Qd3 h4 20. Rb6 h3 21. g3 Kd7 22. a5 Kc7 23. Rb1 Rh4 24. Nf2 Rh8 25. Qb3 Nd7 26. Rfd1 g6 27. fxg6 Qxg6 28. Bf1 Kd8 29. Qf3 Ke7 30. Bxh3 Nf6 31. Bxc8 Raxc8 32. Rf1 Rc7 33. c4 Qh6 34. h4 Rg8 35. Kh2 Rg6 36. Nh3 Kf8 37. Ng5 Kg8 38. Rf2 Kg7 39. Rbf1 b5 40. Qe2 bxc4 41. Rf5 Rb7 42. Qxc4 Rb2+ 43. Kh1 Rxg5 44. Rxg5+ Kf8 45. Qd3 Qh7 46. Qf3 Nxe4 47. Rf5 1-0


[Site "https://www.chess.com"]

[Event "Titled Tuesday Blitz May 30 Late 2023"]
[White "Smiechu"]
[Black "Manukyan, Sargis V."]
[BlackFideId "13303465"]
[WhiteElo "2353"]
[BlackElo "2236"]
[Result "1/2-1/2"]
[Round "01"]
[TimeControl "180+2"]
[Date "2023.05.31"]
[WhiteClock "0:01:04"]
[BlackClock "0:01:41"]

1. e4 e6 2. d4 d5 3. Bd3 dxe4 4. Bxe4 Nf6 5. Bf3 c5 6. Ne2 Be7 7. O-O O-O 8. Be3 Qc7 9. g3 Rd8 10. c3 cxd4 11. cxd4 Nc6 12. Nbc3 Nb4 13. Rc1 Qa5 14. a3 Nbd5 15. Bd2 Nxc3 16. Nxc3 Qf5 17. Be3 Bd7 18. d5 Nxd5 19. Nxd5 exd5 20. Qxd5 Qxd5 21. Bxd5 Bh3 22. Bxb7 Rab8 23. Bg2 Bxg2 24. Kxg2 Rxb2 25. Rc7 Bxa3 26. Rxa7 Bb4 27. Rfa1 h5 28. Ra8 Rxa8 29. Rxa8+ Kh7 30. Rb8 Bc3 31. Rxb2 Bxb2 32. h3 Kg6 33. Kf3 Kf5 34. g4+ hxg4+ 35. hxg4+ Ke6 36. Ke4 g6 37. f4 f5+ 38. gxf5+ gxf5+ 39. Kf3 Kd5 40. Ba7 Bd4 41. Bb8 Kc4 42. Bc7 Kd3 43. Bb8 Bb6 44. Bd6 1/2-1/2


[Site "https://www.chess.com"]

[Event "Titled Tuesday Blitz May 30 Late 2023"]
[White "Turayev, Shahruh"]
[Black "zsizsi99"]
[WhiteFideId "14003856"]
[WhiteElo "2185"]
[BlackElo "2353"]
[Result "1/2-1/2"]
[Round "01"]
[TimeControl "180+2"]
[Date "2023.05.31"]
[WhiteClock "0:01:13"]
[BlackClock "0:00:29"]

1. e4 c5 2. Nc3 e6 3. g3 Nc6 4. Bg2 g6 5. d3 Bg7 6. h4 h5 7. Nh3 Rb8 8. a4 a6 9. Ng5 b5 10. axb5 axb5 11. O-O b4 12. Ne2 Nge7 13. Be3 Bxb2 14. Bxc5 Bxa1 15. Qxa1 O-O 16. Bd6 Rb5 17. Qf6 Bb7 18. Nd4 Ra5 19. e5 Nd5 20. Bxd5 Qxf6 21. exf6 Rxd5 22. Bxf8 Nxd4 23. Bxb4 Rf5 24. Be7 Rxg5 25. hxg5 Nf3+ 26. Kg2 Nd2+ 27. f3 Nxf1 28. Kxf1 Bxf3 29. Kf2 Bd1 30. c3 Bc2 31. Ke3 Ba4 32. Kd4 Bc6 33. Kc5 Kh7 34. Kd6 Kg8 35. c4 Ba4 36. d4 Bc6 37. Kc7 Ba4 38. Kd8 Bc6 39. Kc7 Ba4 40. Ba3 Bb3 41. c5 Ba4 42. Kd8 Bc6 43. Bb4 Ba4 44. Ba5 Bc6 45. Bc7 Ba4 46. Bd6 Bc6 47. Ke7 Ba4 48. Bf4 Bc6 49. Kd6 Kf8 50. Kc7 Ke8 51. Bd6 Ba4 52. Kc8 Bc6 53. Kc7 Ba4 54. Kb6 Bc6 55. Ka5 Bd5 56. Kb4 Bc6 57. Kc3 Bd5 58. Kd2 Bc6 59. Ke3 Bd5 60. Kf4 Bc6 61. Ke5 Bd5 62. Bc7 Bc6 63. Kf4 Bd5 64. g4 h4 65. Ba5 Bc6 66. Be1 h3 67. Kg3 h2 68. Kxh2 Bd5 69. Kg3 Bc6 70. Kf4 Bd5 71. Ke5 Bc6 72. Kd6 Bd5 73. Kc7 Bc6 74. Bg3 Bd5 75. Bd6 Bc6 76. Be7 Bd5 77. Kd6 Bc6 78. Ke5 Bd5 79. Kf4 Bc6 80. Ke3 Bd5 81. Kd2 Bc6 82. Kc3 Bd5 83. Kb4 Bc6 84. Ka5 Bd5 85. Kb6 Bc6 86. Bd6 Bd5 87. Kc7 Bc6 88. Be5 Bd5 89. Kd6 Bc6 90. Bf4 Bd5 91. Be3 Bc6 92. Bd2 Bd5 93. Be1 Bc6 94. Bd2 Bd5 95. Bc1 Bc6 96. Bb2 Bd5 97. Bc3 Bc6 98. Bb4 Bd5 99. Ba5 Bc6 100. Bb6 Bd5 101. Ba7 Bc6 102. Bb8 Bd5 103. Kc7 Bc6 104. Kb6 Bd5 105. Ka5 Bc6 106. Kb4 Bd5 107. Kc3 Bc6 108. Kd2 Bd5 109. Ke3 Bc6 110. Kf4 Bd5 111. Ke5 Bc6 112. Kd6 Bd5 113. Kc7 Bc6 114. Kc8 Bd5 115. Be5 Bc6 116. Kc7 Bd5 117. Kd6 Bc6 118. Kc7 1/2-1/2


[Site "https://www.chess.com"]

[Event "Titled Tuesday Blitz May 30 Late 2023"]
[White "Qiao, Cindy"]
[Black "Rostomyan, Mikayel"]
[WhiteFideId "2620243"]
[BlackFideId "13313754"]
[WhiteElo "1777"]
[BlackElo "2061"]
[Result "1-0"]
[Round "01"]
[TimeControl "180+2"]
[Date "2023.05.31"]
[WhiteClock "0:01:02"]
[BlackClock "0:00:11"]

1. d4 Nf6 2. Bf4 e6 3. e3 c5 4. Nf3 d5 5. Nbd2 Bd6 6. Bg3 O-O 7. Bd3 Nc6 8. c3 b6 9. O-O Qc7 10. e4 cxd4 11. cxd4 dxe4 12. Nxe4 Nxe4 13. Bxe4 Bxg3 14. hxg3 Bb7 15. Rc1 Qd6 16. Qc2 Rac8 17. Bxh7+ Kh8 18. Qe4 g6 19. Bxg6 fxg6 20. Qxg6 Qe7 21. Rfe1 Qh7 22. Qxe6 Rce8 23. Qxe8 Rxe8 24. Rxe8+ Kg7 25. Rxc6 Qh5 26. Rc7+ Kf6 27. Rf8+ Ke6 28. Rxb7 Qh6 29. Re8+ Kd6 30. Rbe7 Qc1+ 31. Kh2 Qxb2 32. Rxa7 Qxf2 33. Rd8+ Kc6 34. d5+ Kb5 35. d6 Qc2 36. d7 Qh7+ 37. Nh4 Qe7 38. Re8 1-0


[Site "https://www.chess.com"]

[Event "Titled Tuesday Blitz May 30 Late 2023"]
[White "Saveliev, Alexei"]
[Black "Arun, Siddharth"]
[WhiteFideId "24128546"]
[BlackFideId "2079178"]
[WhiteElo "2271"]
[BlackElo "2346"]
[Result "1-0"]
[Round "01"]
[TimeControl "180+2"]
[Date "2023.05.31"]
[WhiteClock "0:00:20"]
[BlackClock "0:00:14"]

1. c4 c6 2. Nc3 d5 3. cxd5 cxd5 4. d4 Nf6 5. Nf3 Nc6 6. Bg5 e6 7. e3 Be7 8. Bd3 h6 9. Bh4 a6 10. O-O Qc7 11. Rc1 Qb8 12. Na4 Nd7 13. Bxe7 Nxe7 14. e4 b6 15. e5 Bb7 16. Qb3 Bc6 17. Nc3 b5 18. Ne2 a5 19. Bb1 b4 20. Ng3 a4 21. Qe3 Bb5 22. Rfe1 g6 23. Qf4 Nf5 24. Bxf5 gxf5 25. Nh5 Bc4 26. a3 Qb7 27. Qh4 Qb6 28. Nd2 Rc8 29. Nxc4 dxc4 30. d5 Rg8 31. Rxc4 Rxc4 32. Qxc4 Qc5 33. Qxc5 Nxc5 34. Nf6+ 1-0


[Site "https://www.chess.com"]

[Event "Titled Tuesday Blitz May 30 Late 2023"]
[White "rikchessmx"]
[Black "Zhao, Erick"]
[BlackFideId "30946930"]
[WhiteElo "2346"]
[BlackElo "2626"]
[Result "0-1"]
[Round "01"]
[TimeControl "180+2"]
[Date "2023.05.31"]
[WhiteClock "0:01:27"]
[BlackClock "0:02:00"]

1. e4 c6 2. d4 d5 3. Nc3 dxe4 4. Nxe4 Nf6 5. Ng5 e6 6. N1f3 h6 7. Nh3 Bd6 8. Nf4 Nd5 9. Nd3 Nd7 10. c4 N5f6 11. Bf4 Bxf4 12. Nxf4 O-O 13. Bd3 e5 14. dxe5 Nxe5 15. Nxe5 Qa5+ 16. Qd2 Qxe5+ 17. Kf1 Bf5 18. Re1 Bxd3+ 19. Nxd3 Qd4 20. Qe3 Qxc4 21. Kg1 Rfe8 22. Ne5 Qxa2 23. h3 Qxb2 24. Kh2 Re6 25. f4 Rae8 26. Qg3 Nh5 27. Qg4 Nxf4 28. Nxf7 Qxg2+ 29. Qxg2 Nxg2 30. Rxe6 Rxe6 31. Nd8 Re2 32. Nxb7 h5 33. Kg3 Rb2 34. Nc5 Ne3 35. Kf3 Nd5 36. Rg1 Rc2 37. Ne6 Rc3+ 38. Kf2 Kf7 39. Nxg7 Rxh3 40. Nf5 Ke6 41. Nd4+ Kd6 42. Rg6+ Kc5 43. Nxc6 Rh2+ 44. Kg3 Ra2 45. Ne5 a5 46. Rc6+ Kd4 47. Nf3+ Ke4 48. Rc4+ Kf5 49. Rc5 Ke6 50. Ng5+ Kd6 51. Ne4+ Ke5 52. Nc3 Kd4 53. Rxd5+ Kxc3 54. Rxh5 a4 55. Kf3 Rb2 56. Rc5+ Kb3 57. Rc8 a3 58. Ke3 a2 59. Rb8+ Kc2 60. Rc8+ Kb1 61. Rb8 Rxb8 0-1


[Site "https://www.chess.com"]

[Event "Titled Tuesday Blitz May 30 Late 2023"]
[White "Do Valle Cardoso, Lucas"]
[Black "Rose, Felix"]
[WhiteFideId "2163144"]
[BlackFideId "5105722"]
[WhiteElo "2372"]
[BlackElo "2039"]
[Result "1-0"]
[Round "01"]
[TimeControl "180+2"]
[Date "2023.05.31"]
[WhiteClock "0:00:15"]
[BlackClock "0:00:12"]

1. e4 c5 2. Nf3 g6 3. Nc3 Bg7 4. d4 cxd4 5. Nxd4 Nc6 6. Be3 Nf6 7. Nxc6 bxc6 8. e5 Ng8 9. Bd4 Qa5 10. f4 Rb8 11. Bc4 c5 12. Be3 Rxb2 13. Bd2 Rb8 14. Nd5 Qd8 15. O-O Bb7 16. Qe1 e6 17. Ba5 Bxd5 18. Bxd8 Bxc4 19. Bc7 Rc8 20. Qa5 Bxf1 21. Kxf1 Ne7 22. Rd1 O-O 23. Rxd7 Nd5 24. Bd6 Rfe8 25. g3 Ne3+ 26. Kf2 Nf5 27. Qa6 Nxd6 28. exd6 Bd4+ 29. Kf3 c4 30. Rc7 Rcd8 31. d7 Rf8 32. Qxc4 Bb6 33. Rb7 Rb8 34. Rxb8 Rxb8 35. Qc8+ 1-0


[Site "https://www.chess.com"]

[Event "Titled Tuesday Blitz May 30 Late 2023"]
[White "Hoffmann, Asa"]
[Black "Isajevsky, Anton"]
[WhiteFideId "2001470"]
[BlackFideId "4142500"]
[WhiteElo "2117"]
[BlackElo "2510"]
[Result "0-1"]
[Round "01"]
[TimeControl "180+2"]
[Date "2023.05.31"]
[WhiteClock "0:00:00"]
[BlackClock "0:01:12"]

1. d4 d5 2. Bg5 h6 3. Bh4 c6 4. e3 Qb6 5. b3 Bf5 6. Bd3 Bxd3 7. Qxd3 e6 8. Nd2 Be7 9. Bg3 Nf6 10. Ngf3 O-O 11. h3 a5 12. a3 c5 13. c4 Qa6 14. Rc1 Nc6 15. O-O cxd4 16. exd4 Bxa3 17. Ra1 Bb4 18. Rfe1 Rfd8 0-1


[Site "https://www.chess.com"]

[Event "Titled Tuesday Blitz May 30 Late 2023"]
[White "Filipascu"]
[Black "Kaganskiy, Gleb"]
[BlackFideId "4132025"]
[WhiteElo "2622"]
[BlackElo "2165"]
[Result "1-0"]
[Round "01"]
[TimeControl "180+2"]
[Date "2023.05.31"]
[WhiteClock "0:00:09"]
[BlackClock "0:00:00"]

1. c4 e5 2. e3 d6 3. Nc3 g6 4. Nf3 Bg7 5. d4 Nd7 6. Be2 Ngf6 7. O-O O-O 8. b3 c6 9. Bb2 Re8 10. Qc2 Nf8 11. dxe5 dxe5 12. Rad1 Qe7 13. Qc1 Bg4 14. Ba3 c5 15. h3 Bxf3 16. Bxf3 e4 17. Be2 b6 18. Nd5 Nxd5 19. cxd5 Qd6 20. Qc4 Nd7 21. b4 Rac8 22. bxc5 Nxc5 23. Rc1 f5 24. Rfd1 Red8 25. Qb5 Rc7 26. Bxc5 Rxc5 27. Rxc5 Qxc5 28. Qa4 a5 29. Qb3 Rd6 30. a4 Qb4 31. Qc2 Qc5 32. Bc4 h5 33. Rb1 Kh7 34. Rb5 Qc7 35. Qb3 Be5 36. h4 Qd8 37. g3 Qc7 38. Kg2 Qd8 39. Be2 Qc7 40. Qd1 Qd8 41. Bc4 Qc7 42. Qe2 Qd8 43. Ba2 Qc7 44. Rb1 Qc3 45. Qb5 Qc5 46. Qe8 Qc7 47. Qxe5 Rd7 48. Qxc7 Rxc7 49. d6 Rd7 50. Rxb6 Kg7 51. Be6 Kf6 52. Bxd7 1-0


[Site "https://www.chess.com"]

[Event "Titled Tuesday Blitz May 30 Late 2023"]
[White "Figorito, Nick"]
[Black "Haydon, David L"]
[WhiteFideId "30923689"]
[BlackFideId "415405"]
[WhiteElo "2338"]
[BlackElo "2326"]
[Result "0-1"]
[Round "01"]
[TimeControl "180+2"]
[Date "2023.05.31"]
[WhiteClock "0:00:08"]
[BlackClock "0:01:12"]

1. Nf3 d5 2. g3 Nf6 3. Bg2 c5 4. O-O Nc6 5. d4 cxd4 6. Nxd4 e6 7. c4 Bc5 8. Nb3 Bb6 9. Nc3 dxc4 10. Nd2 Na5 11. b4 cxb3 12. Ba3 Bd7 13. axb3 Bc6 14. Bh3 Qd4 15. Qc2 O-O-O 16. Nf3 Bxf3 17. exf3 Qd3 18. Rac1 Qxc2 19. Rxc2 Kb8 20. Rb1 Nc6 21. Ne2 Rd3 22. Bg2 Rhd8 23. h3 Rd2 24. Rbc1 Rxc2 25. Rxc2 Rd1+ 26. Kh2 Bxf2 27. Nc3 Bg1+ 28. Kh1 Re1 29. Re2 Bf2+ 30. Rxe1 Bxe1 31. Bd6+ Kc8 32. Ne2 Kd7 33. Ba3 Nh5 34. Kh2 a6 35. Bb2 Nf6 36. Nd4 Nxd4 37. Bxd4 b5 38. f4 Kc7 39. Bf3 Ba5 40. Bxf6 gxf6 41. Kg2 Bc3 42. Kf2 f5 43. g4 fxg4 44. hxg4 Bd2 45. f5 h6 46. fxe6 fxe6 47. Ke2 Bg5 48. Kd3 Bf6 49. Ke4 Kb6 50. Be2 Kc5 51. Kd3 Kb4 52. Kc2 a5 53. Bd3 a4 54. bxa4 bxa4 55. Be4 a3 56. Kb1 Kc3 57. Ka2 Be7 58. Bg6 Kd4 59. Bf7 e5 60. Kb1 e4 61. Kc2 e3 62. Kd1 Bg5 63. Ke2 Kc3 64. Kd1 Kb2 65. Ke2 a2 66. Bxa2 Kxa2 67. Kf3 Kb3 68. Ke2 Kc2 69. Ke1 Kd3 70. Kd1 e2+ 71. Ke1 Bh4# 0-1


[Site "https://www.chess.com"]

[Event "Titled Tuesday Blitz May 30 Late 2023"]
[White "Iskusnyh, Sergei"]
[Black "Roberz12"]
[WhiteFideId "4120027"]
[WhiteElo "2492"]
[BlackElo "2338"]
[Result "0-1"]
[Round "01"]
[TimeControl "180+2"]
[Date "2023.05.31"]
[WhiteClock "0:00:00"]
[BlackClock "0:00:59"]

1. d4 Nf6 2. c4 c6 3. Nf3 d5 4. e3 Bg4 5. h3 Bxf3 6. Qxf3 e6 7. Nc3 Bd6 8. Bd2 Nbd7 9. cxd5 cxd5 10. Bd3 Rc8 11. O-O O-O 12. Rad1 Re8 13. e4 e5 14. Nxd5 exd4 15. Bg5 Ne5 16. Nxf6+ gxf6 17. Qxf6 Qxf6 18. Bxf6 Nxd3 19. Rxd3 Rxe4 20. Rxd4 Rxd4 21. Bxd4 Rc2 22. Re1 f5 23. Kf1 Kf7 24. Rd1 Ke6 25. Bc3 Bc5 26. Rd2 Rc1+ 27. Ke2 b5 28. f4 Rg1 29. Kd3 Kd5 30. Be5 b4 31. Rc2 Rd1+ 32. Ke2 Rg1 33. Kf3 Rf1+ 34. Kg3 a5 35. Kh4 Be7+ 36. Kh5 a4 37. Kh6 Bc5 38. Kxh7 Be3 39. h4 Bxf4 40. Bxf4 Rxf4 41. h5 Rg4 42. h6 Rg3 43. Kh8 f4 44. h7 b3 45. axb3 axb3 46. Re2 Kd4 47. Re7 Rxg2 48. Rg7 f3 49. Kg8 Rxg7+ 50. Kxg7 f2 51. h8=Q f1=Q 52. Kg6+ Ke3 53. Qc3+ Qd3+ 0-1


[Site "https://www.chess.com"]